 Dungeon Crawl Stone Soup version 0.16.2-12-gd0ad4c3 (webtiles) character file.

126 hannobal the Conjurer (level 5, -1/28 HPs)
             Began as a Tengu Air Elementalist on Sept 13, 2015.
             Slain by a hippogriff (5 damage)
             ... on level 3 of the Dungeon.
             The game lasted 00:11:47 (3617 turns).

hannobal the Conjurer (Tengu Air Elementalist)      Turns: 3617, Time: 00:11:47

Health: -1/28      AC:  3    Str:  8    XL:     5   Next: 10%
Magic:  2/11       EV: 12    Int: 16    God:
Gold:   105        SH:  0    Dex: 15    Spells: 3 memorised, 3 levels left

rFire  . . .     SeeInvis .     a - +0 long sword (slice)
rCold  . . .     Clarity  .     e - +0 robe
rNeg   + . .     SustAb   .     (no shield)
rPois  .         Gourm    .     (helmet restricted)
rElec  .         Spirit   .     (no cloak)
rCorr  .         Warding  +     w - +0 pair of gloves
rMut   .         Stasis   .     (boots unavailable)
MR     .....                    l - amulet of warding
Stlth  ++........               (no ring)
                                (no ring)

@: repel missiles, not resistant to hostile enchantments, unstealthy
A: able to fly, beak, talons 3
a: Fly


You were on level 3 of the Dungeon.
You were not hungry.

You visited 1 branch of the dungeon, and saw 4 of its levels.

You collected 105 gold pieces.

Inventory:

Hand weapons
 a - a +0 long sword of slicing (weapon)
 p - a +1 war axe
 t - a +0 whip
Missiles
 d - 8 poisoned tomahawks (quivered)
 g - 61 arrows
 j - 15 poisoned needles
 n - 37 sling bullets
 r - 165 stones
 u - 20 bolts
Armour
 e - a +0 robe (worn)
 w - a +0 pair of gloves (worn)
 x - a +0 leather armour
Jewellery
 l - an amulet of warding (around neck)
Scrolls
 i - a scroll of magic mapping
 k - a scroll of identify
Potions
 m - a potion of curing
 o - a potion of heal wounds
 s - a potion of brilliance
Books
 b - a book of Air

   Spells                             Type                      Level
   a - Shock                          Conjuration/Air              1
   b - Swiftness                      Charms/Air                   2
   c - Repel Missiles                 Charms/Air                   2
   d - Flight                         Charms/Air                   3
   e - Static Discharge               Conjuration/Air              3
   f - Lightning Bolt                 Conjuration/Air              5
 v - a book of Envenomations

   Spells                             Type                      Level
   a - Spider Form                    Transmutation/Poison         3
   b - Alistair's Intoxication        Transmutation/Poison         4
   c - Olgreb's Toxic Radiance        Poison                       4
   d - Poisonous Cloud                Conjuration/Poison/Air       6
Comestibles
 c - 5 bread rations {@e1}
 f - 5 meat rations {@e2}
 h - a slice of pizza


   Skills:
 - Level 2.1 Dodging
 - Level 2.0 Stealth
 + Level 2.2 Spellcasting
 - Level 5.1 Conjurations
 - Level 5.1 Air Magic


You had 3 spell levels left.
You knew the following spells:

 Your Spells              Type           Power        Failure   Level  Hunger
r - Repel Missiles        Chrm/Air       ##....       12%         2    ###....
s - Swiftness             Chrm/Air       ##......     12%         2    ###....
z - Shock                 Conj/Air       ###.         2%          1    #......


Dungeon Overview and Level Annotations

Branches:
Dungeon (4/15)
 Temple: D:4-7

Altars:
Ashenzari
Fedhas
Trog
Zin


Innate Abilities, Weirdness & Mutations

You can fly.
You have a beak for a mouth.
You have claws for feet.


Message History

The hippogriff barely misses you. x2
The hippogriff misses you.
Casting: Shock
Confirm with . or Enter, or press ? or * to list all spells.
Aiming: Shock
Press: ? - help, Shift-Dir - straight line, f/p - hippogriff
Aim: a hippogriff (moderately wounded)
The zap misses the hippogriff.
The orc closely misses you. The hippogriff bites you. The hippogriff pecks you.
The hippogriff misses you.
Casting: Shock
Confirm with . or Enter, or press ? or * to list all spells.
Aiming: Shock
Press: ? - help, Shift-Dir - straight line, f/p - hippogriff
Aim: a hippogriff (moderately wounded)
The zap hits the hippogriff.
The hippogriff is moderately wounded.
The orc closely misses you. The hippogriff bites you!
* * * LOW HITPOINT WARNING * * *
The hippogriff pecks you.
You die...

#....###............
#.....##........#..#
#......#............
##..##..............
#######.........###
####......#..
##########......#....#
#.....##......###.....
#...H@##..######.....#
#.....o...####........
#.....................
#.....##....####.....#
#.....##...## #.....#
#.....##...# ##...##
#########.## #...# ###
#...# #####


You could see a hippogriff and an orc.

Vanquished Creatures
  5 adders
  A giant mite (D:3)
  2 worms (D:3)
  3 giant geckos
  2 oozes
  6 hobgoblins
  6 jackals
  8 kobolds
  A ball python (D:2)
  6 bats
  3 giant cockroaches
  3 giant newts
  6 goblins
  10 rats
62 creatures vanquished.

Notes
Turn   | Place    | Note
--------------------------------------------------------------
     0 | D:1      | hannobal, the Tengu Air Elementalist, began the quest for the Orb.
     0 | D:1      | Reached XP level 1. HP: 10/10 MP: 3/3
   588 | D:1      | Reached XP level 2. HP: 13/15 MP: 0/5
   595 | D:1      | Learned a level 2 spell: Repel Missiles
   598 | D:1      | Learned a level 2 spell: Swiftness
   912 | D:1      | Reached XP level 3. HP: 19/19 MP: 2/7
  1659 | D:2      | Found a blossoming altar of Fedhas.
  1983 | D:2      | Reached skill level 5 in Conjurations
  1983 | D:2      | Reached XP level 4. HP: 24/24 MP: 1/8
  3119 | D:3      | Reached skill level 5 in Air Magic
  3331 | D:3      | Found a bloodstained altar of Trog.
  3331 | D:3      | Found a shattered altar of Ashenzari.
  3332 | D:3      | Found a glowing silver altar of Zin.
  3372 | D:3      | Reached XP level 5. HP: 15/28 MP: 5/11
  3605 | D:4      | Noticed a hippogriff
  3617 | D:3      | Slain by a hippogriff

Action                   |  1- 3 |  4- 6 || total
-------------------------+-------+-------++-------
Melee: Unarmed           |     7 |       ||     7
       Whip              |     3 |       ||     3
Throw: Stone             |     1 |       ||     1
 Cast: Shock             |    79 |    71 ||   150
       Swiftness         |     2 |       ||     2
       Repel Missiles    |     1 |     1 ||     2
  Use: Scroll            |     5 |     3 ||     8
       Potion            |     2 |     4 ||     6
  Eat: Chunk             |     5 |     6 ||    11
